 Dungeon Crawl Stone Soup version 0.15-a0-60-g2d7d1c5 (webtiles) character file.

87977 Sabsy the Blocker (level 15, -5/116 HPs)
             Began as a Minotaur Chaos Knight on Apr 5, 2014.
             Was a Plaything of Xom.
             Slain by a bone dragon (12 damage)
             ... on Level 1 of the Abyss on Apr 6, 2014.
             The game lasted 03:24:21 (26459 turns).

Sabsy the Blocker (Minotaur Chaos Knight)          Turns: 26459, Time: 03:24:22

HP  -5/116       AC 28     Str 28      XL: 15   Next: 41%
MP  25/25        EV  6     Int  4 (7)  God: Xom
Gold 1370        SH 45     Dex 11      Spells:  0 memorised, 14 levels left

rFire  . . .     SeeInvis .     a - +11,+7 morningstar of Agony {crush, +Rage rElec MR++}
rCold  + . .     Clarity  +     I - +2 plate armour {rC+}
rNeg   . . .     Conserve .     E - +0 large shield
rPois  .         rCorr    .     v - +2 hat
rElec  +         rRot     .     q - +0 cloak
SustAb . .       Spirit   .     x - +0 pair of gloves
rMut   .         Warding  .     (no boots)
Saprov . . .     Stasis   .     p - amulet of faith
MR     +++..                    g - +4 ring of strength
                                Z - +0,+7 ring of slaying

@: drained, extremely resistant to hostile enchantments, extremely unstealthy
A: retaliatory headbutt, claws 1, hooves 1, horns 2, large bone plates 1, thin
metallic scales 1, blurry vision 1, clarity, dopey 1, frail 1, shaggy fur 1,
electricity resistance, strong 1, wild magic 1
a: Renounce Religion, Evoke Berserk Rage


You were on level 1 of the Abyss.
You worshipped Xom.
You were a plaything of Xom.
You were not hungry.

You visited 3 branches of the dungeon, and saw 25 of its levels.
You visited the Abyss 1 time.

You collected 2037 gold pieces.
You spent 667 gold pieces at shops.

Inventory:

Hand weapons
 a - the +11,+7 morningstar of Agony (weapon) {crush, +Rage rElec MR++}
   (You found it on level 13 of the Dungeon)

   It inflicts extra damage upon your enemies.
   It insulates you from electricity.
   It affects your resistance to hostile enchantments.
   It lets you go berserk.
 L - the +9,+5 mace of Entrepreneurial Spirit {crush, rElec rF- Str+3}
   (You found it on level 4 of the Dungeon)

   It inflicts extra damage upon your enemies.
   It affects your strength (+3).
   It makes you vulnerable to fire.
   It insulates you from electricity.
Missiles
 N - 10 darts of dispersal (quivered)
Armour
 q - a +0 cloak (worn)
 v - a +2 hat (worn)
 x - a +0 pair of gloves (worn)
 E - a +0 large shield (worn)
 I - a +2 plate armour of cold resistance (worn)
Magical devices
 e - a wand of flame (5)
 h - a wand of paralysis (10)
 n - a wand of confusion (7)
 r - a wand of confusion (5)
 s - a wand of slowing (8)
 u - a wand of slowing (4)
 w - a wand of fire (12) {unknown}
 y - a wand of disintegration (1)
 A - a wand of enslavement (10)
 O - a wand of flame (13)
 S - a wand of random effects (9)
Comestibles
 c - 7 bread rations
 D - 3 meat rations
Scrolls
 b - 2 scrolls of enchant weapon I
 f - 3 scrolls of identify
 i - 2 scrolls of enchant weapon II
 k - a scroll of enchant armour
 l - 4 scrolls of teleportation
 t - 3 scrolls of recharging
 B - a scroll of magic mapping
 F - 6 scrolls of remove curse
 M - a scroll of enchant weapon III
 X - a scroll of fear
Jewellery
 g - a +4 ring of strength (right hand)
 j - an uncursed ring of teleportation
 p - an amulet of faith (around neck)
 H - an uncursed ring of protection from cold
 Z - a +0,+7 ring of slaying (left hand)
Potions
 d - a potion of flight
 m - a potion of curing
 z - 3 potions of brilliance
 R - 2 potions of magic
 W - a potion of restore abilities
Books
 P - a book of Spatial Translocations

   Spells                             Type                      Level
   Apportation                        Translocation                1
   Blink                              Translocation                2
   Shroud of Golubria                 Charms/Translocation         2
   Portal Projectile                  Translocation                3
   Teleport Other                     Translocation                3
   Passage of Golubria                Translocation                4
Miscellaneous
 o - a stone of tremors (inert)
 J - a phial of floods (inert)
 Q - a sack of spiders {used: 1}
 T - a sack of spiders {used: 4}
 V - a fan of gales (inert)


   Skills:
 + Level 11.1(10.0) Fighting
 - Level 15.3(14.1) Maces & Flails
   Level 6.3(5.3) Staves
 - Level 15.7(14.5) Armour
 - Level 1.1(0.3) Dodging
 + Level 16.9(15.7) Shields
 - Level 10.6(9.5) Evocations


You had 14 spell levels left.
You didn't know any spells.

Dungeon Overview and Level Annotations

Branches:
Dungeon (15/15)            Temple (0/1) D:4             Orc (2/4) D:11
   Lair (8/8) D:11          Snake (0/5) Lair:5        Slime (0/6) Lair:8
 Vaults (0/5) D:14         Depths (0/5) D:15
  Swamp: Lair:3-6    Shoals: Lair:3-6    Spider: Lair:3-6

Altars:
Elyvilon
Fedhas
Okawaru
Sif Muna
Trog

Shops:
D:10 :   D:11 :(([(   D:13 (   Orc:1 !   Orc:2 [

Annotations:
D:3 chtunga's ghost, average DrTm
D:4 Herrn's ghost, average GrWn


Innate Abilities, Weirdness & Mutations

You reflexively headbutt those who attack you in melee.
You have a pair of horns on your head.
You have sharp fingernails.
You have large cloven feet.
You are partially covered in large bone plates (AC +2, SH +2).
You are partially covered in thin metallic scales (AC +2).
Your vision is a little blurry.
You possess an exceptional clarity of mind.
You are dopey. (Int -2)
You are frail (-10% HP).
You are covered in fur (AC +1).
You are resistant to electric shocks.
Your muscles are strong. (Str +2)
Your spells are a little harder to cast, but a little more powerful.


Message History

* * * LOW HITPOINT WARNING * * *
You hold your ground!
Drink which item? (? for menu, Esc to quit)
You feel better.
The bone dragon bites you but does no damage.
The bone dragon completely misses you. You block the bone dragon's attack.
Evoke which item? (* to show all) (? for menu, Esc to quit)
Aim the phial where?
Press: ? - help, Shift-Dir - straight line, f - bone dragon
Aim: a bone dragon (heavily damaged)
The flood of elemental water hits the bone dragon.
The bone dragon is heavily damaged.
Splash!
You fall into the shallow water.
Moving in this stuff is going to be slow.
The water rises up and takes form.
The bone dragon bites you!
* * * LOW HITPOINT WARNING * * *
You block the bone dragon's attack. The bone dragon tramples you!
You die...
Xom guffaws!

. .## ##
..#. .#
..#.## #.
#. ...
.#. ....#
###
#E###..#
.#.##@D≈#
.#.##≈≈#
#. #.
..≈≈## .
.###.
..#..#
##.#... #
.## . #
...#.
#.### .
###.###
....# .
#.#
..##....#
#. ..##.
.#.. #


You could see a bone dragon and a friendly water elemental.

Vanquished Creatures
  An Executioner (Abyss:1)
  A draconian scorcher (Abyss:1)
  The ghost of marcus the Basher, a powerful FoFi of Makhleb (Lair:2)
  Snorg (Orc:1)
  Josephine (D:14)
  Fannar (Orc:2)
  Harold (Lair:1)
  An ice dragon (Lair:8)
  10 hydras
  2 tengu warriors (D:13)
  The ghost of ciphuk the Geomancer, an experienced DDEE of Kikubaaqudgha (D:7)
  2 centaur warriors
  Nergalle (Lair:2)
  A wretched star (Abyss:1)
  A spatial maelstrom (Abyss:1)
  10 skeletal warriors
  2 unseen horrors
  2 large abominations (Abyss:1)
  A wolf spider zombie (D:14)
  Joseph (Orc:1)
  A necromancer (D:14)
  2 manticores
  5 hill giants
  A wizard (D:15)
  8 black mambas
  A griffon (Lair:5)
  9 elephants
  2 gargoyles
  A smoke demon (Abyss:1)
  A feature mimic (D:11)
  Psyche (D:11)
  8 spiny frogs
  2 efreet (D:14)
  A fire drake (Lair:5)
  An ancient zyme (Abyss:1)
  9 komodo dragons
  A jumping spider (Lair:2)
  Grinder (D:3)
  2 spriggan druids (Lair:8)
  A centaur skeleton (D:11)
  A freezing wraith (D:11)
  3 trolls
  7 giant fireflies (Lair:8)
  2 hydra zombies
  A polar bear (Lair:8)
  3 raiju (Abyss:1)
  5 blink frogs (Lair:3)
  A hydra skeleton (D:14)
  2 two-headed ogres
  A boulder beetle (Lair:7)
  3 slime creatures
  A wandering mushroom (Lair:3)
  A brown ooze (D:9)
  A basilisk (Lair:3)
  2 ravens (D:13)
  6 grizzly bears
  A vampire (D:14)
  2 sharks
  A shadow (D:13)
  10 spriggans (Lair:8)
  38 yaks
  3 elephant slugs
  A deep elf mage (D:12)
  A hungry ghost (D:9)
  A hog (shapeshifter) (D:14)
  Eustachio (D:7)
  5 ugly things (D:13)
  34 wolves
  A hill giant skeleton (D:13)
  6 hippogriffs
  A warg (D:11)
  2 spatial vortices (Abyss:1)
  11 water moccasins
  2 soldier ants
  3 vampire mosquitoes (D:14)
  An ogre skeleton (D:14)
  A human skeleton (D:15)
  13 orc warriors
  4 porcupines
  A spider (Lair:1)
  8 black bears
  10 ogres
  A small abomination (Abyss:1)
  2 phantoms
  A giant goldfish (Lair:6)
  6 ice beasts
  A manticore zombie (D:8)
  A dwarf (shapeshifter) (D:15)
  14 centaurs
  15 crocodiles
  Duvessa (D:6)
  A boring beetle (Lair:7)
  A brain worm (D:14)
  14 giant slugs
  Blork the orc (D:4)
  A tengu simulacrum (D:14)
  4 big kobolds
  A gnoll sergeant (D:9)
  24 giant frogs
  A cyclops zombie (D:14)
  3 scorpions
  4 eyes of draining
  9 wights
  A jelly (shapeshifter) (Lair:3)
  23 killer bees
  3 goliath beetles
  Dowan (D:6)
  4 quasits
  A starcursed mass (Abyss:1)
  6 crimson imps
  Crazy Yiuf (D:2)
  9 hounds
  10 iguanas
  4 iron imps
  4 jellies
  2 big fish
  A gnoll shaman (D:6)
  A kobold skeleton (D:14)
  Natasha (thrice) (D:3)
  15 orc priests
  26 orc wizards
  5 worker ants
  18 sheep
  A big kobold zombie (D:13)
  Ijyb (D:6)
  2 mottled dragon skeletons
  12 gnolls
  21 adders
  An adder (shapeshifter) (Lair:3)
  A worker ant zombie (D:5)
  37 green rats
  An orc zombie (D:12)
  3 shadow imps
  A giant mite (Lair:2)
  A white imp (D:13)
  An ufetubus (Abyss:1)
  2 worms
  An adder zombie (D:10)
  An adder skeleton (D:9)
  3 giant eyeballs
  7 giant geckos
  103 orcs
  3 ball pythons
  6 giant cockroaches
  14 goblins
  18 hobgoblins
  21 jackals
  11 quokkas
  25 bats
  7 giant newts
  29 kobolds
  2 kobold zombies
  2 orc skeletons
  25 rats
  3 ballistomycetes (D:9)
  5 fungi
  2 plants
919 creatures vanquished.

Vanquished Creatures (collateral kills)
  Gastronok (Lair:2)
  A dire elephant (D:15)
  A hydra (D:15)
  Nessos (D:13)
  A skeletal warrior (D:13)
  A giant orange brain (Abyss:1)
  A hill giant (D:11)
  An efreet (D:13)
  A troll (D:13)
  A giant firefly (Lair:8)
  A komodo dragon (D:10)
  3 blink frogs (Lair:1)
  A basilisk (D:13)
  A trapdoor spider (D:13)
  A spriggan (Lair:8)
  A yak (Lair:4)
  A hill giant skeleton (D:11)
  A water moccasin (Lair:2)
  A vampire mosquito (D:13)
  A wolf (Lair:1)
  An orc warrior (D:6)
  A big kobold (D:11)
  2 killer bees
  A crimson imp (D:13)
  A hound (D:7)
  A worker ant (D:7)
  An ufetubus (Lair:8)
  3 orcs (D:6)
  2 bats
  3 kobolds (D:11)
  A giant newt (Lair:2)
  A rat (Lair:2)
  A spectral orc (Lair:2)
41 creatures vanquished.

Vanquished Creatures (others)
  A hydra (D:7)
  A dancing weapon (Lair:2)
  2 air elementals
  3 water elementals
  A wolf (Abyss:1)
  2 vampire mosquitoes (D:13)
  5 spiders
  2 earth elementals (D:14)
  4 crimson imps
  A hound (D:7)
  3 quasits
  2 iron imps
  A worker ant (D:11)
  2 shadow imps
  7 white imps
  2 giant mites (Lair:2)
  5 ufetubi
  3 orcs
  A hobgoblin (D:7)
  2 giant spores
  A bush (Lair:4)
  2 butterflies (D:9)
  6 fungi
  A plant (Lair:8)
  2 starspawn tentacles (Abyss:1)
  218 starspawn tentacle segments (Abyss:1)
280 creatures vanquished.

Grand Total: 1240 creatures vanquished

Notes
Turn   | Place    | Note
--------------------------------------------------------------
     0 | D:1      | Sabsy, the Minotaur Chaos Knight, began the quest for the Orb.
     0 | D:1      | Reached XP level 1. HP: 19/19 MP: 1/1
   193 | D:1      | Reached XP level 2. HP: 26/26 MP: 1/1
   226 | D:1      | Reached skill level 4 in Maces & Flails
   262 | D:1      | XOM: divination: magic mapping
   509 | D:1      | XOM: divination: magic mapping
   579 | D:1      | XOM: silly message
   666 | D:1      | XOM: confuse monster(s)
   669 | D:1      | Reached XP level 3. HP: 28/31 MP: 2/2
  1213 | D:2      | XOM: harmless Trmt miscast
  1260 | D:2      | XOM: harmless Divn miscast
  1392 | D:2      | Noticed a deep dwarf
  1392 | D:2      | a worm changed into a deep dwarf
  1393 | D:2      | Noticed a steam dragon
  1393 | D:2      | a deep dwarf changed into a steam dragon
  1394 | D:2      | XOM: cast spell 'Metabolic Englaciation'
  1407 | D:2      | Noticed a wolf
  1409 | D:2      | XOM: confuse monster(s)
  1412 | D:2      | XOM: divination: detect items
  1519 | D:2      | Noticed Crazy Yiuf
  1542 | D:2      | XOM: harmless Fire miscast
  1548 | D:2      | Killed Crazy Yiuf
  1548 | D:2      | Reached skill level 5 in Maces & Flails
  1548 | D:2      | Reached XP level 4. HP: 13/39 MP: 2/2
  1700 | D:2      | XOM: colour smoke trail
  1774 | D:3      | Reached skill level 1 in Staves
  1824 | D:3      | XOM: 3-stop teleportation journey
  1825 | D:3      | Noticed Natasha
  1830 | D:3      | Killed Natasha
  1912 | D:3      | Noticed Natasha
  1954 | D:3      | Reached XP level 5. HP: 45/45 MP: 2/2
  2018 | D:3      | Noticed chtunga's ghost (average DrTm)
  2050 | D:3      | XOM: summons friendly quasit
  2065 | D:3      | Noticed Grinder
  2066 | D:3      | XOM: enchant monster (good)
  2082 | D:3      | Killed Grinder
  2082 | D:3      | Reached skill level 5 in Staves
  2082 | D:3      | Reached skill level 6 in Armour
  2082 | D:3      | Reached XP level 6. HP: 51/51 MP: 3/3
  2158 | D:3      | XOM: give mutations
  2158 | D:3      | Gained mutation: You have sharp toenails. [Xom's grace]
  2158 | D:3      | Gained mutation: You have a slow metabolism. [Xom's grace]
  2158 | D:3      | Gained mutation: You need consume almost no food. [Xom's grace]
  2177 | D:3      | XOM: harmless Summ miscast
  2636 | D:3      | Killed Natasha
  2679 | D:3      | Noticed Natasha
  2684 | D:3      | Killed Natasha
  2802 | D:4      | Found a staircase to the Ecumenical Temple.
  2803 | D:4      | Noticed Blork the orc
  2810 | D:4      | Killed Blork the orc
  2810 | D:4      | Reached XP level 7. HP: 57/57 MP: 3/3
  2872 | D:4      | Got a faintly glowing mace
  2901 | D:4      | Identified the +9,+5 mace of Entrepreneurial Spirit {crush, rElec rF- Str+3} (You found it on level 4 of the Dungeon)
  2973 | D:4      | XOM: god gift: twisted bronze wand {god gift}
  2993 | D:4      | XOM: give mutation
  2993 | D:4      | Gained mutation: You are partially covered in rough black scales (AC +4, Dex -1). [Xom's grace]
  3091 | D:4      | Noticed Herrn's ghost (average GrWn)
  3145 | D:5      | Entered Level 5 of the Dungeon
  3146 | D:5      | XOM: divination: magic mapping
  3147 | D:5      | XOM: enchant monster (bad)
  3158 | D:5      | Reached skill level 7 in Armour
  3382 | D:5      | Found a blossoming altar of Fedhas.
  3663 | D:5      | XOM: harmless Hex miscast
  3890 | D:6      | Reached skill level 8 in Armour
  4016 | D:6      | Reached XP level 8. HP: 64/64 MP: 3/3
  4017 | D:6      | XOM: potion effect (brilliance)
  4126 | D:6      | XOM: colour smoke trail
  4252 | D:6      | Reached skill level 9 in Armour
  4317 | D:6      | XOM: give mutations
  4317 | D:6      | Gained mutation: You have a pair of large horns on your head. [Xom's grace]
  4317 | D:6      | Gained mutation: You are covered in fur (AC +1). [Xom's grace]
  4422 | D:6      | Noticed Ijyb
  4430 | D:6      | Killed Ijyb
  4497 | D:6      | Noticed Dowan
  4506 | D:6      | Killed Dowan
  4508 | D:6      | Noticed Duvessa
  4562 | D:6      | Killed Duvessa
  4823 | D:6      | XOM: harmless Erth miscast
  4934 | D:7      | Noticed ciphuk's ghost (experienced DDEE)
  4942 | D:7      | XOM: cast spell 'Call Canine Familiar'
  4944 | D:7      | XOM: summons friendly ufetubus
  4954 | D:7      | XOM: cast spell 'Summon Hydra'
  4961 | D:7      | Reached skill level 10 in Armour
  4968 | D:7      | Killed ciphuk's ghost
  4974 | D:7      | XOM: 1-stop teleportation journey
  5043 | D:7      | XOM: enchant monster (good)
  5052 | D:7      | Reached XP level 9. HP: 26/70 MP: 4/4
  5142 | D:7      | XOM: 3-stop teleportation journey
  5379 | D:7      | Reached skill level 10 in Maces & Flails
  5474 | D:7      | Noticed Eustachio
  5490 | D:7      | XOM: summons friendly white imp
  5491 | D:7      | Killed Eustachio
  5577 | D:7      | Reached skill level 11 in Armour
  5741 | D:7      | Paralysed by a giant eyeball for 2 turns
  5961 | D:8      | XOM: summons 2 friendly demons
  6025 | D:8      | XOM: 2-stop teleportation journey
  6038 | D:8      | XOM: enchant monster (good)
  6114 | D:8      | XOM: confuse monster(s)
  6235 | D:8      | XOM: 1-stop teleportation journey
  6315 | D:8      | Paralysed by a giant eyeball for 3 turns
  6430 | D:8      | XOM: summons 4 hostile demons
  6431 | D:8      | Noticed a sun demon
  6431 | D:8      | Noticed a smoke demon
  6451 | D:8      | XOM: enchant monster (bad)
  6490 | D:8      | Reached skill level 12 in Armour
  6531 | D:8      | XOM: noise
  6588 | D:8      | Found a white marble altar of Elyvilon.
  6588 | D:8      | Found a bloodstained altar of Trog.
  6906 | D:8      | XOM: blink monster(s)
  6910 | D:8      | XOM: harmless Trmt miscast
  6912 | D:8      | Reached XP level 10. HP: 77/77 MP: 4/4
  7203 | D:9      | XOM: harmless Trmt miscast
  7395 | D:9      | XOM: give mutations
  7395 | D:9      | Gained mutation: Your vision is a little blurry. [Xom's mischief]
  7395 | D:9      | Lost mutation: Your vision is a little blurry. [Xom's mischief]
  7425 | D:9      | XOM: give mutations
  7425 | D:9      | Lost mutation: You have sharp toenails. [Xom's mischief]
  7425 | D:9      | Lost mutation: You need consume almost no food. [Xom's mischief]
  7459 | D:9      | XOM: mild Trmt miscast
  7462 | D:9      | XOM: harmless Necr miscast
  7470 | D:9      | XOM: blink monster(s)
  7473 | D:9      | XOM: mild Fire miscast
  7475 | D:9      | XOM: 1-stop teleportation journey
  7635 | D:9      | XOM: noise
  7647 | D:9      | XOM: enchant monster (good)
  7805 | D:9      | XOM: god gift: coral ring {god gift}
  7812 | D:9      | XOM: divination: detect items
  7980 | D:9      | Reached skill level 13 in Armour
  8059 | D:9      | XOM: polymorph yak -> brown ooze
  8068 | D:9      | XOM: confuse monster(s)
  8070 | D:9      | XOM: swap monsters
  8083 | D:9      | XOM: scenery: 3 doors close
  8313 | D:9      | XOM: god gift: 55 gold pieces
  8346 | D:9      | XOM: mild Fire miscast
  8420 | D:10     | Entered Level 10 of the Dungeon
  8422 | D:10     | XOM: enchant monster (good)
  8543 | D:10     | Noticed a hill giant
  8612 | D:9      | XOM: colour smoke trail
  8635 | D:10     | Found Subuant's Book Shop.
  8667 | D:10     | XOM: confuse monster(s)
  8749 | D:10     | XOM: cast spell 'Summon Hydra'
  8751 | D:10     | Killed a hill giant
  8751 | D:10     | Reached XP level 11. HP: 74/82 MP: 4/4
  8754 | D:10     | Reached skill level 14 in Armour
  8800 | D:10     | XOM: summons friendly crimson imp
  8806 | D:10     | XOM: summons friendly iron imp
  8879 | D:10     | XOM: silly message
  9091 | D:10     | XOM: enchant monster (good)
  9095 | D:10     | XOM: polymorph gnoll -> hobgoblin
  9199 | D:11     | Noticed Psyche
  9210 | D:11     | XOM: confuse monster(s)
  9214 | D:11     | Killed Psyche
  9230 | D:11     | Found Nomu's Weapon Shop.
  9248 | D:11     | Found Cietoaxi's Book Shoppe.
  9249 | D:11     | Cietoaxi's Book Shoppe was a mimic.
  9259 | D:11     | Found Janeip's Armour Emporium.
  9288 | D:11     | Found a staircase to the Orcish Mines.
  9298 | D:11     | Found Uwujofooq's Weapon Emporium.
  9494 | D:11     | Found Mnok's Book Emporium.
  9534 | D:11     | Found Pnithraak's Weapon Boutique.
  9590 | D:11     | XOM: cast spell 'Beastly Appendage'
  9745 | D:11     | Found a staircase to the Lair.
  9897 | D:11     | XOM: medium Summ miscast
 10027 | D:11     | XOM: enchant monster (good)
 10215 | Lair:1   | Entered Level 1 of the Lair of Beasts
 10246 | Lair:1   | XOM: enchant monster (bad)
 10289 | Lair:1   | Noticed Harold
 10291 | Lair:1   | XOM: enchant monster (good)
 10307 | Lair:1   | Killed Harold
 10307 | Lair:1   | Reached skill level 15 in Armour
 10434 | Lair:1   | XOM: destruction
 10443 | Lair:1   | XOM: summons 5 friendly demons
 10444 | Lair:1   | XOM: harmless Ice miscast
 10468 | Lair:1   | XOM: cast spell 'Stoneskin'
 10481 | Lair:1   | Reached skill level 15 in Maces & Flails
 10725 | Lair:1   | XOM: noise
 10771 | Lair:1   | XOM: enchant monster (good)
 10773 | Lair:1   | XOM: polymorph wolf -> spider
 10774 | Lair:1   | XOM: vitrification
 10841 | Lair:1   | XOM: vitrification
 10983 | Lair:1   | XOM: 4-stop teleportation journey
 11056 | Lair:1   | XOM: summons 8 friendly demons
 11089 | Lair:1   | XOM: colour smoke trail
 11108 | Lair:1   | XOM: god gift: fan of gales
 11463 | Lair:1   | XOM: harmless Tloc miscast
 11470 | Lair:2   | Noticed marcus' ghost (powerful FoFi)
 11474 | Lair:2   | XOM: summons friendly white imp
 11488 | Lair:2   | XOM: potion effect (berserk rage)
 11732 | Lair:2   | XOM: enchant monster (good)
 11737 | Lair:2   | XOM: divination: detect items
 11739 | Lair:2   | XOM: potion effect (invisibility)
 11834 | Lair:2   | Noticed a five-headed hydra
 11835 | Lair:2   | XOM: medium Conj miscast
 11841 | Lair:1   | Killed a five-headed hydra
 11841 | Lair:1   | Reached skill level 1 in Evocations
 11841 | Lair:1   | Reached XP level 12. HP: 41/91 MP: 4/8
 11856 | Lair:1   | XOM: harmless Divn miscast
 11952 | Lair:1   | XOM: silly message
 12084 | D:11     | Bought a +0 large shield for 58 gold pieces
 12119 | D:11     | XOM: give mutation
 12119 | D:11     | Gained mutation: You are dopey. (Int -2) [Xom's mischief]
 12397 | D:11     | Noticed a hill giant
 12446 | D:11     | Killed an unseen horror
 12446 | D:11     | Reached skill level 5 in Fighting
 12446 | D:11     | Reached skill level 1 in Shields
 12472 | D:11     | XOM: potion effect (might)
 12481 | D:11     | XOM: enchant monster (good)
 12595 | D:11     | Killed a hill giant
 12627 | D:11     | XOM: summons 2 hostile shadow creatures
 12838 | Lair:1   | XOM: summons 3 hostile demons
 12853 | Lair:1   | XOM: colour smoke trail
 13156 | Lair:1   | XOM: god gift: 48 gold pieces
 13221 | Lair:1   | XOM: colour smoke trail
 13397 | Lair:1   | XOM: medium Chrm miscast
 13424 | Lair:2   | Noticed Gastronok
 13426 | Lair:2   | Noticed Nergalle
 13429 | Lair:2   | Noticed Erica
 13429 | Lair:2   | Noticed Erica
 13429 | Lair:2   | Erica changed into Erica the jumping spider
 13429 | Lair:2   | XOM: polymorph Erica -> Erica the jumping spider
 13439 | Lair:2   | Killed Erica the jumping spider
 13441 | Lair:2   | XOM: god gift: scroll of teleportation
 13444 | Lair:2   | XOM: potion effect (invisibility)
 13448 | Lair:2   | XOM: fake destruction
 13449 | Lair:2   | XOM: enchant monster (good)
 13458 | Lair:2   | Killed Gastronok
 13554 | Lair:2   | XOM: harmless Divn miscast
 13580 | Lair:2   | XOM: enchant monster (good)
 13582 | Lair:2   | XOM: polymorph spider -> fire drake
 13586 | Lair:2   | XOM: god gift: stone of tremors
 13593 | Lair:2   | XOM: summons 5 friendly demons
 13597 | Lair:2   | XOM: destruction
 13620 | Lair:2   | Killed marcus' ghost
 13620 | Lair:2   | Reached skill level 5 in Shields
 13678 | Lair:2   | XOM: vitrification
 13812 | Lair:2   | XOM: cast spell 'Confusing Touch'
 13966 | Lair:2   | XOM: vitrification
 13994 | Lair:2   | XOM: potion effect (invisibility)
 13998 | Lair:2   | XOM: enchant monster (good)
 14063 | Lair:2   | XOM: cast spell 'Stoneskin'
 14078 | Lair:2   | XOM: 5-stop teleportation journey
 14094 | Lair:2   | XOM: give mutations
 14094 | Lair:2   | Gained mutation: You can breathe flames. [Xom's grace]
 14094 | Lair:2   | Gained mutation: Your spells are a little harder to cast, but a little more powerful. [Xom's grace]
 14094 | Lair:2   | Gained mutation: You have sharp fingernails. [Xom's grace]
 14094 | Lair:2   | Gained mutation: You are partially covered in thin metallic scales (AC +2). [Xom's grace]
 14159 | Lair:2   | Killed Nergalle
 14412 | Lair:2   | XOM: polymorph plant -> plant
 14431 | Lair:2   | XOM: cast spell 'Dragon Form'
 14523 | Lair:3   | XOM: 9-stop teleportation journey
 14527 | Lair:3   | XOM: fake destruction
 14550 | Lair:3   | XOM: potion effect (berserk rage)
 14611 | Lair:3   | XOM: god gift: 26 gold pieces
 14633 | Lair:3   | XOM: 8-stop teleportation journey
 14659 | Lair:3   | XOM: summons friendly shadow imp
 14661 | Lair:3   | XOM: 5-stop teleportation journey
 14823 | Lair:3   | XOM: vitrification
 14850 | Lair:3   | XOM: swap monsters
 14913 | Lair:3   | XOM: swap monsters
 14918 | Lair:3   | XOM: cast spell 'Dragon Form'
 14935 | Lair:4   | XOM: destruction
 14936 | Lair:4   | XOM: cast spell 'Discord'
 15166 | Lair:4   | XOM: god gift: potion of poison
 15205 | Lair:4   | XOM: polymorph yak -> eye of draining
 15215 | Lair:4   | XOM: divination: detect creatures
 15216 | Lair:4   | XOM: destruction
 15230 | Lair:4   | XOM: mild Hex miscast
 15244 | Lair:4   | XOM: divination: magic mapping
 15250 | Lair:4   | XOM: potion effect (might)
 15272 | Lair:4   | XOM: summons friendly crimson imp
 15273 | Lair:4   | Reached skill level 10 in Shields
 15385 | Lair:4   | XOM: vitrification
 15818 | Lair:4   | XOM: summons 5 friendly demons
 15820 | Lair:4   | XOM: cast spell 'Necromutation'
 15905 | Lair:4   | XOM: divination: detect creatures
 15953 | Lair:5   | Reached XP level 13. HP: 97/105 MP: 9/9
 15961 | Lair:5   | XOM: give mutation
 15961 | Lair:5   | Gained mutation: Your muscles are strong. (Str +2) [Xom's grace]
 16039 | Lair:5   | XOM: 1-stop teleportation journey
 16045 | Lair:5   | XOM: medium Tloc miscast
 16054 | Lair:5   | XOM: stat loss: -1 Str (29/30)
 16327 | Lair:5   | Found a staircase to the Snake Pit.
 16343 | Lair:5   | XOM: snakes to sticks
 16368 | Lair:5   | Noticed a four-headed hydra
 16375 | Lair:5   | Killed a four-headed hydra
 16386 | Lair:5   | Noticed a seven-headed hydra
 16391 | Lair:5   | XOM: enchant monster (good)
 16396 | Lair:5   | XOM: draining
 16405 | Lair:5   | XOM: silly message
 16414 | Lair:5   | Killed a seven-headed hydra
 16415 | Lair:5   | XOM: divination: magic mapping
 16416 | Lair:5   | XOM: harmless Erth miscast
 16424 | Lair:5   | XOM: harmless Ice miscast
 16785 | Lair:5   | Noticed a five-headed hydra
 16790 | Lair:5   | Killed a five-headed hydra
 16791 | Lair:5   | Identified a scroll of acquirement
 16801 | Lair:5   | Got a bloodstained plate armour
 16823 | Lair:5   | Identified the -3 plate armour "Divete" {SInv} (You acquired it on level 5 of the Lair of Beasts)
 16854 | Lair:5   | XOM: colour smoke trail
 16980 | Lair:6   | XOM: give mutations
 16980 | Lair:6   | Lost mutation: You have a slow metabolism. [Xom's mischief]
 16980 | Lair:6   | Gained mutation: Your vision is a little blurry. [Xom's mischief]
 16980 | Lair:6   | Lost mutation: You have a pair of large horns on your head. [Xom's mischief]
 17177 | Lair:7   | XOM: enchant monster (bad)
 17211 | Lair:6   | XOM: 4-stop teleportation journey
 17261 | Lair:6   | Found a blossoming altar of Fedhas.
 17319 | Lair:6   | XOM: stat loss: -1 Dex (9/10)
 17351 | Lair:6   | XOM: silly message
 17407 | Lair:7   | Reached skill level 5 in Evocations
 17538 | Lair:7   | XOM: confusion
 17540 | Lair:7   | XOM: snakes to sticks
 17549 | Lair:7   | XOM: potion effect (invisibility)
 17726 | Lair:7   | XOM: destruction
 17798 | Lair:7   | XOM: harmless Tloc miscast
 17848 | Lair:6   | XOM: give mutation
 17848 | Lair:6   | Lost mutation: You are partially covered in rough black scales (AC +4, Dex -1). [Xom's mischief]
 18024 | Lair:3   | XOM: polymorph fungus -> wandering mushroom
 18045 | Lair:3   | XOM: polymorph green rat -> gnoll
 18058 | Lair:3   | XOM: polymorph green rat -> adder
 18093 | Lair:3   | XOM: divination: detect creatures
 18116 | Lair:3   | XOM: divination: detect creatures
 18389 | Lair:7   | XOM: harmless Hex miscast
 18578 | Lair:7   | XOM: harmless Conj miscast
 18694 | Lair:7   | XOM: colour smoke trail
 18720 | Lair:8   | Entered Level 8 of the Lair of Beasts
 18742 | Lair:7   | XOM: give mutations
 18742 | Lair:7   | Gained mutation: You are frail (-10% HP). [Xom's mischief]
 18742 | Lair:7   | Lost mutation: Your spells are a little harder to cast, but a little more powerful. [Xom's mischief]
 18742 | Lair:7   | Lost mutation: You can breathe flames. [Xom's mischief]
 18799 | Lair:8   | XOM: noise
 18967 | Lair:7   | XOM: colour smoke trail
 19059 | Lair:4   | XOM: silly message
 19374 | Lair:8   | XOM: summons friendly iron imp
 19432 | Lair:8   | Found a staircase to the Slime Pits.
 19558 | Lair:8   | XOM: polymorph black bear -> eye of draining
 19588 | Lair:8   | XOM: enchant monster (bad)
 19590 | Lair:8   | XOM: summons friendly ufetubus
 19607 | Lair:8   | XOM: swap weapons
 19612 | Lair:8   | XOM: cast spell 'Discord'
 19634 | Lair:8   | XOM: enchant monster (bad)
 19637 | Lair:8   | XOM: summons 3 friendly demons
 19640 | Lair:8   | Reached XP level 14. HP: 19/101 MP: 14/21
 19865 | Lair:8   | XOM: harmless Summ miscast
 20104 | Lair:8   | XOM: fake destruction
 20130 | Lair:8   | XOM: confusion (+ monsters)
 20168 | Lair:8   | XOM: swap monsters
 20213 | Lair:8   | XOM: mild Conj miscast
 20413 | Lair:8   | XOM: god gift: potion of heal wounds
 20433 | Lair:8   | XOM: enchant monster (good)
 20466 | Lair:8   | XOM: noise
 20749 | Lair:7   | XOM: harmless Chrm miscast
 20885 | Lair:1   | XOM: cast spell 'Tukima's Dance'
 20979 | D:11     | XOM: silly message
 20984 | D:12     | XOM: harmless Summ miscast
 21066 | D:12     | XOM: potion effect (berserk rage)
 21160 | D:12     | XOM: potion effect (berserk rage)
 21218 | D:12     | XOM: noise
 21558 | D:13     | XOM: cast spell 'Spider Form'
 21575 | D:13     | Found Quhakh's Weapon Boutique.
 21587 | D:13     | Noticed Nessos
 21593 | D:13     | XOM: noise
 21610 | D:13     | Killed Nessos
 21846 | D:13     | XOM: confuse monster(s)
 21851 | D:13     | XOM: confuse monster(s)
 21861 | D:13     | XOM: potion effect (berserk rage)
 21875 | D:13     | XOM: potion effect (curing)
 21917 | D:13     | XOM: mild Summ miscast
 21956 | D:13     | Reached skill level 10 in Evocations
 22008 | D:13     | Got a steaming morningstar
 22025 | D:13     | XOM: colour smoke trail
 22050 | D:13     | Identified the +11,+7 morningstar of Agony {crush, +Rage rElec MR++} (You found it on level 13 of the Dungeon)
 22192 | D:13     | Reached skill level 15 in Shields
 22377 | D:14     | XOM: summons friendly white imp
 22388 | D:14     | XOM: 1-stop teleportation journey
 22430 | D:14     | Found a gate to the Vaults.
 22430 | D:14     | XOM: 2-stop teleportation journey
 22789 | D:14     | Noticed Josephine
 22798 | D:14     | XOM: divination: detect items
 22804 | D:14     | Killed Josephine
 23191 | D:14     | XOM: polymorph large slime creature -> shining eye
 23195 | D:14     | Gained mutation: Your body is slowly deteriorating. [a shining eye]
 23367 | D:14     | XOM: cast spell 'Confusing Touch'
 23379 | D:14     | XOM: confusion
 23420 | D:14     | XOM: vitrification
 23531 | D:14     | XOM: give mutations
 23531 | D:14     | Gained mutation: Your spells are a little harder to cast, but a little more powerful. [Xom's grace]
 23531 | D:14     | Gained mutation: You have large cloven feet. [Xom's grace]
 23588 | D:14     | XOM: silly message
 23709 | D:14     | XOM: god gift: leatherbound book {god gift}
 23809 | D:14     | XOM: vitrification
 23857 | D:15     | Entered Level 15 of the Dungeon
 23929 | D:15     | XOM: god gift: bread ration
 23952 | D:15     | Found a deep blue altar of Sif Muna.
 23978 | D:15     | XOM: confusion
 23985 | D:15     | XOM: colour smoke trail
 24036 | D:15     | Found a staircase to the Depths.
 24037 | D:15     | XOM: summons friendly iron imp
 24048 | D:15     | Reached skill level 16 in Shields
 24048 | D:15     | Reached XP level 15. HP: 105/111 MP: 25/25
 24099 | D:15     | XOM: colour smoke trail
 24159 | D:15     | XOM: polymorph iron imp -> crimson imp
 24164 | D:15     | XOM: noise
 24182 | D:15     | XOM: enchant monster (bad)
 24421 | D:15     | Reached skill level 10 in Fighting
 24867 | D:15     | XOM: harmless Necr miscast
 25049 | Orc:1    | Entered Level 1 of the Orcish Mines
 25049 | Orc:1    | Found Stelog's Distillery.
 25140 | Orc:1    | Found an iron altar of Okawaru.
 25153 | Orc:1    | Bought a potion of restore abilities for 42 gold pieces
 25153 | Orc:1    | Bought a potion of heal wounds for 42 gold pieces
 25375 | Orc:2    | Found Plaawn's Armour Shop.
 25380 | Orc:2    | Noticed Snorg
 25408 | Orc:2    | Noticed Fannar
 25408 | Orc:2    | Noticed Joseph
 25434 | Orc:1    | Killed Snorg
 25443 | Orc:1    | XOM: noise
 25453 | Orc:1    | XOM: give mutations
 25453 | Orc:1    | Gained mutation: You are partially covered in large bone plates (AC +2, SH +2). [Xom's grace]
 25453 | Orc:1    | Gained mutation: You possess an exceptional clarity of mind. [Xom's grace]
 25453 | Orc:1    | Gained mutation: You are resistant to electric shocks. [Xom's grace]
 25579 | Orc:1    | XOM: vitrification
 25604 | Orc:1    | Killed Joseph
 25670 | Orc:2    | Killed Fannar
 25740 | Orc:2    | Found a bloodstained altar of Trog.
 25837 | Orc:2    | XOM: 2-stop teleportation journey
 25889 | Orc:2    | XOM: summons 2 hostile shadow creatures
 25910 | Orc:2    | Bought a +1 plate armour of cold resistance for 525 gold pieces
 25933 | Orc:2    | XOM: give mutations
 25933 | Orc:2    | Gained mutation: You are very dopey. (Int -4) [Xom's mischief]
 25933 | Orc:2    | Lost mutation: Your body is slowly deteriorating. [Xom's mischief]
 25933 | Orc:2    | Lost mutation: You are very dopey. (Int -4) [Xom's mischief]
 25951 | Orc:2    | XOM: enchant monster (bad)
 26004 | Orc:2    | XOM: noise
 26017 | Orc:2    | Cast into the Abyss (Xom)
 26096 | Abyss:1  | Noticed an Executioner
 26100 | Abyss:1  | XOM: enchant monster (bad)
 26102 | Abyss:1  | Killed an Executioner
 26104 | Abyss:1  | XOM: blink monster(s)
 26169 | Abyss:1  | XOM: divination: detect items
 26188 | Abyss:1  | XOM: cast spell 'Call Canine Familiar'
 26191 | Abyss:1  | XOM: summons friendly shadow imp
 26202 | Abyss:1  | XOM: noise
 26279 | Abyss:1  | Noticed a tentacled starspawn
 26292 | Abyss:1  | XOM: silly message
 26300 | Abyss:1  | XOM: noise
 26304 | Abyss:1  | XOM: polymorph shadow imp -> crimson imp
 26327 | Abyss:1  | XOM: medium Necr miscast
 26349 | Abyss:1  | XOM: silly message
 26366 | Abyss:1  | XOM: mild Divn miscast
 26369 | Abyss:1  | XOM: divination: detect items
 26392 | Abyss:1  | XOM: divination: detect creatures
 26446 | Abyss:1  | Noticed a bone dragon
 26448 | Abyss:1  | XOM: silly message
 26459 | Abyss:1  | Slain by a bone dragon

Action                   |  1- 3 |  4- 6 |  7- 9 | 10-12 | 13-15 || total
-------------------------+-------+-------+-------+-------+-------++-------
Melee: Mace              |    95 |       |   297 |   930 |   886 ||  2208
       Quarterstaff      |       |    86 |     1 |       |       ||    87
       Unarmed           |       |       |       |     7 |     1 ||     8
       Morningstar       |       |       |       |       |   471 ||   471
Throw: Dart              |     2 |       |     9 |     1 |       ||    12
 Abil: Breathe Fire      |       |       |       |     4 |     4 ||     8
       Evoke Berserk Rag |       |       |       |       |     1 ||     1
Evoke: Wand              |       |       |    16 |     7 |    22 ||    45
       Fan of gales      |       |       |       |     1 |     3 ||     4
       Sack of spiders   |       |       |       |     4 |     4 ||     8
       Stone of tremors  |       |       |       |     1 |     3 ||     4
       Phial of floods   |       |       |       |       |     4 ||     4
  Use: Scroll            |     9 |     1 |    14 |    10 |    10 ||    44
       Potion            |     4 |       |     7 |     9 |    20 ||    40
 Stab: Confused          |     1 |       |       |     5 |     1 ||     7
       Petrified         |       |     1 |       |       |     2 ||     3
       Invisible         |       |       |     2 |     2 |    18 ||    22
       Petrifying        |       |       |       |     3 |       ||     3
       Paralysed         |       |       |       |     3 |       ||     3
       Distracted        |       |       |       |     3 |     1 ||     4
       Sleeping          |       |       |       |       |     2 ||     2
